 Dungeon Crawl Stone Soup version 0.31-a0-246-g8cbcc1cb85 (webtiles) character file.

Game seed: 14880397567870265019

93 qw the Shooter (level 4, -4/36 HPs)
             Began as a Minotaur Hexslinger on July 12, 2023.
             Slain by a kobold brigand
             ... wielding a +1 dagger of speed
              (6 damage)
             ... on level 3 of the Dungeon.
             The game lasted 00:00:41 (2353 turns).

qw the Shooter (Minotaur Hexslinger)                Turns: 2353, Time: 00:00:41

Health: -4/36      AC:  5    Str: 13    XL:     4   Next: 36%
Magic:  4/4        EV: 11    Int: 10    God:
Gold:   122        SH:  0    Dex: 14    Spells: 4/5 levels left

rFire   . . .        Y - +1 sling
rCold   . . .        (no shield)
rNeg    . . .        f - +0 ring mail
rPois   .            (helmet restricted)
rElec   .            (no cloak)
rCorr   .            (no gloves)
SInv    .            (no boots)
Will    .....        (no amulet)
Stlth   +            (no ring)
HPRegen 0.26/turn    (no ring)
MPRegen 0.09/turn

%: no passive effects
@: lethally poisoned (-4 -> -5)
A: horns 2, retaliatory headbutt
a: no special abilities


You were on level 3 of the Dungeon.
You visited 1 branch of the dungeon, and saw 3 of its levels.

You collected 122 gold pieces.


Innate Abilities, Weirdness & Mutations

You have a pair of horns on your head.
You reflexively headbutt those who attack you in melee.


   Skills:
 - Level 2.0 Fighting
 + Level 4.7 Ranged Weapons
 - Level 1.0 Armour
 - Level 2.1 Dodging
 - Level 1.0 Spellcasting
 - Level 2.0 Hexes


You had 4 spell levels left.
You knew the following spells:

 Your Spells              Type           Power      Damage    Failure   Level
a - Slow                  Hex            16%        N/A       32%         1

Your spell library contained the following spells:

 Spells                   Type           Power      Damage    Failure   Level
 Inner Flame              Hex/Fire       2%         N/A       82%         3
 Portal Projectile        Hex/Tloc       4%         N/A       82%         3
 Cause Fear               Hex            2%         N/A       97%         4

Inventory:

Hand Weapons
 Y - a +1 sling (weapon)
Armour
 f - a +0 ring mail (worn)
Jewellery
 d - a ring of flight
Scrolls
 c - 3 scrolls of vulnerability {unknown}
 k - a scroll of immolation {unknown}
Potions
 a - 2 potions of berserk rage {unknown}
 b - a potion of mutation {unknown}
 e - 3 potions of brilliance {unknown}
 g - a potion of cancellation {unknown}
 h - a potion of ambrosia {unknown}
 i - a potion of curing {unknown}
 j - a potion of degeneration {unknown}

Dungeon Overview and Level Annotations

Branches:
Dungeon (3/15)

Altars:


Message History

You shoot a sling bullet.
The sling bullet closely misses the kobold brigand.
The kobold brigand hits you with a +1 dagger of speed.
The kobold brigand barely misses you.
You shoot a sling bullet.
The sling bullet completely misses the kobold brigand.
The kobold brigand hits you with a +1 dagger of speed.
A kobold comes into view.
It is wielding a +0 dagger and quivering poisoned darts.
You shoot a sling bullet.
The sling bullet hits the kobold brigand.
The kobold brigand is moderately wounded.
The kobold throws a poisoned dart.
The poisoned dart hits you!
You are poisoned.
The kobold brigand completely misses you.
You shoot a sling bullet.
The sling bullet barely misses the kobold brigand.
You feel very sick. The kobold brigand barely misses you.
You furiously retaliate!
You headbutt the kobold brigand.
The kobold brigand hits you with a +1 dagger of speed.
The kobold hits you with a +0 dagger.
You shoot a sling bullet.
The sling bullet hits the kobold brigand.
The kobold brigand is heavily wounded.
You feel sick. The kobold brigand closely misses you.
The kobold brigand hits you with a +1 dagger of speed.
The kobold misses you.
You shoot a sling bullet.
The sling bullet hits the kobold brigand but does no damage.
The kobold brigand is heavily wounded.
You feel sick.
The kobold brigand hits you with a +1 dagger of speed.
The kobold hits you but does no damage.
The kobold brigand hits you with a +1 dagger of speed.
You shoot a sling bullet.
The sling bullet completely misses the kobold brigand.
You feel sick. The kobold brigand barely misses you.
The kobold hits you with a +0 dagger.
The kobold brigand hits you with a +1 dagger of speed.
You die...

#
....)).).##.........#
#.###[ #
....####.####.#######
#..... # ###
#........># ######
#########.####...##
#...........####)#
#.#######.#.# #.# #.#
#?..# #.# ##(##
#....###.# #...#
#...K@...# #...#
#...K##### ###...#
#....# ...)..# #.###.
......# # ......#
......# ......+
###...#


You could see a kobold brigand and a kobold.

Vanquished Creatures
  3 gnolls (D:3)
  2 adders
  A worm (D:2)
  3 bats
  3 endoplasms
  2 giant cockroaches
  3 goblins
  5 hobgoblins
  A quokka (D:2)
  5 ball pythons
  3 frilled lizards
  10 kobolds
  2 rats
43 creatures vanquished.

Notes
Turn   | Place    | Note
-------+----------+-------------------------------------------
     0 | D:1      | qw the Minotaur Hexslinger began the quest for the Orb.
     0 | D:1      | Reached XP level 1. HP: 16/16 MP: 1/1
     0 | D:1      | 0 ||| qw: Version: 0.3-a-52-g30416fa
     0 | D:1      | 0 ||| qw: Game counter: 6505
     0 | D:1      | 0 ||| qw: Melee chars always use a shield: true
     0 | D:1      | 0 ||| qw: God list: Okawaru
     0 | D:1      | 0 ||| qw: Allow faded altars: false
     0 | D:1      | 0 ||| qw: Do Orc after clearing Dungeon:15 true
     0 | D:1      | 0 ||| qw: Do second Lair branch before Depths: true
     0 | D:1      | 0 ||| qw: Lair rune preference: random
     0 | D:1      | 0 ||| qw: Goals: Normal
     0 | D:1      | 0 ||| PLANNING D:1-11
   176 | D:1      | Reached skill level 3 in Ranged Weapons
   176 | D:1      | Reached XP level 2. HP: 23/23 MP: 2/2
   815 | D:1      | 815 ||| UPGRADING to +0 ring mail.
   825 | D:1      | 825 ||| DROPPING +0 robe.
   826 | D:1      | 826 ||| DRINKING 2 sedimented cyan potions.
   875 | D:1      | 875 ||| DROPPING scroll of poison.
   876 | D:1      | 876 ||| DROPPING potion of lignification.
   953 | D:2      | Found a faded altar of an unknown god.
  1209 | D:2      | Reached XP level 3. HP: 14/29 MP: 3/3
  1218 | D:2      | HP: 7/29 [adder (3)]
  1672 | D:2      | 1672 ||| READING scroll labelled QIOXOE CIXZUDGH.
  1673 | D:2      | 1673 ||| READING scroll labelled YTISET QAOJI.
  1674 | D:2      | 1674 ||| READING scroll labelled JYBYCIGO GIFAE.
  1775 | D:2      | 1775 ||| READING scroll labelled LIWOJA XESE DIA.
  1836 | D:3      | Reached skill level 4 in Ranged Weapons
  2058 | D:3      | Noticed a kobold brigand
  2058 | D:3      | Noticed a kobold brigand
  2099 | D:3      | Reached skill level 1 in Armour
  2158 | D:3      | Reached XP level 4. HP: 36/36 MP: 4/4
  2164 | D:3      | HP: 8/36 [gnoll/+0 flail (7)]
  2352 | D:3      | HP: 7/36 [kobold brigand/+1 dagger of speed (3)]
  2353 | D:3      | HP: 2/36 [kobold/+0 dagger (2)]
  2353 | D:3      | Slain by a kobold brigand

Levels and vault maps discovered:
D:1:      reono_arrival_forest_river, layout_loops_corners, minivault_23
D:2:      layout_basic, basic_ecumenical_altar
D:3:      cheibrodos_thug_alley, layout_basic, chequers_serial_rivers_small_3,
          minmay_distorted

Skill      XL: |  1  2  3 |
---------------+----------+-----
Ranged Weapons | 3 4 |  4.7
Fighting       | 2 |  2.0
Armour         | 1 |  1.0
Dodging        | |  2.1
Spellcasting   | |  1.0
Hexes          | |  2.0

Action                     |  1- 3 |  4- 6 || total
---------------------------+-------+-------++-------
   Fire: Sling             |   130 |    21 ||   151
    Use: Potion            |     1 |       ||     1
         Scroll            |     4 |       ||     4
 Armour: Ring mail         |    21 |     2 ||    23
  Dodge: Dodged            |    39 |    13 ||    52

Table legend:
 A = Non-vault XP
 B = Vault XP
 C = Vault XP percentage of total XP
 D = Non-vault monster count
 E = Vault monster count
 F = Vault count percentage of total count
                 A         B        C        D         E       F
            +---------+---------+-------+---------+---------+-------
      Total |     122 |      11 |   8.3 |      36 |       7 |  16.3
            +---------+---------+-------+---------+---------+-------
        D:1 |      20 |       0 |   0.0 |      12 |       0 |   0.0
        D:2 |      42 |       0 |   0.0 |      17 |       0 |   0.0
        D:3 |      60 |      11 |  15.5 |       7 |       7 |  50.0
            +---------+---------+-------+---------+---------+-------
